[ AOE2 MATCH · #473833059 ]
UnrankedBurgundians vs Franks
[ REPLAY ANALYSIS · EXTRACTED FROM THE RECORDED GAME ]
Feudal
12:11
Castle
15:41
Imperial
—
| APM avg | 20.0 |
| APM peak | 53 |
| eAPM avg | 11.1 |
| Villagers / military | 73 / 12 |
Focus
⚔️ 13.8% · 🌾 86.2%
Knight ×11 · Monk ×1
Feudal
11:00
Castle
15:20
Imperial
—
| APM avg | 21.8 |
| APM peak | 42 |
| eAPM avg | 12.8 |
| Villagers / military | 67 / 3 |
Focus
⚔️ 2.8% · 🌾 97.2%
Monk ×3
Feudal
10:05
Castle
15:15
Imperial
—
| APM avg | 25.7 |
| APM peak | 69 |
| eAPM avg | 13.1 |
| Villagers / military | 74 / 47 |
Focus
⚔️ 23.9% · 🌾 76.1%
Scorpion ×47
Feudal
11:37
Castle
15:07
Imperial
—
| APM avg | 25.3 |
| APM peak | 75 |
| eAPM avg | 14.6 |
| Villagers / military | 87 / 3 |
Focus
⚔️ 5.4% · 🌾 94.6%
Scorpion ×3
Feudal
10:54
Castle
15:15
Imperial
—
| APM avg | 20.4 |
| APM peak | 41 |
| eAPM avg | 10.6 |
| Villagers / military | 65 / 1 |
Focus
⚔️ 3.2% · 🌾 96.8%
Monk ×1
Feudal
10:14
Castle
17:10
Imperial
—
| APM avg | 28.1 |
| APM peak | 49 |
| eAPM avg | 17.2 |
| Villagers / military | 55 / 31 |
Focus
⚔️ 18.7% · 🌾 81.3%
Woad Raider ×26 · Battering Ram ×5
Feudal
11:25
Castle
15:20
Imperial
—
| APM avg | 38.8 |
| APM peak | 140 |
| eAPM avg | 15.5 |
| Villagers / military | 59 / 9 |
Focus
⚔️ 12.5% · 🌾 87.5%
Mangonel ×6 · Composite Bowman ×3
Feudal
11:21
Castle
15:41
Imperial
19:52
| APM avg | 23.3 |
| APM peak | 67 |
| eAPM avg | 11.4 |
| Villagers / military | 43 / 7 |
Focus
⚔️ 12.3% · 🌾 87.7%
Bombard Cannon ×7
Match map
Initial resources + every placement click. Lines = walls · curves = elevation contours. ◆ gold · ⬟ stone · ● berries · ✦ relic · ◌ wall gap
Your base· ✓ Closed at 15:41 · 0t walls · 2 gate(s)
i am > i was's base· ✓ Closed at 15:20 · 0t walls · 3 gate(s)
57168948's base· ✓ Closed at 15:15 · 0t walls · 2 gate(s)
KOMMEPCAHT's base· ✓ Closed at 15:07 · 0t walls · 2 gate(s)
CravenDylan's base· ✓ Closed at 15:15 · 0t walls · 2 gate(s)
cainiaoxm's base· ✓ Closed at 17:10 · 8t walls · 3 gate(s)
preCoss's base· ✓ Closed at 15:20 · 0t walls · 3 gate(s)
三少's base· ✓ Closed at 15:41 · 0t walls · 3 gate(s)
Smoothed initial terrain · ◌ = detected wall gap · hover for details
Inputs per minute
— 野蛮农民 - - i am > i was
Build order — 野蛮农民
First 150 of 163 actions detected
| 0:01 | Create | Villager (Male) |
| 0:02 | Create | Villager (Male) |
| 0:02 | Create | Villager (Male) |
| 0:02 | Create | Villager (Male) |
| 0:04 | Build | House |
| 0:06 | Build | House |
| 1:32 | Create | Villager (Male) |
| 1:32 | Create | Villager (Male) |
| 1:54 | Build | Lumber Camp |
| 1:55 | Create | Villager (Male) |
| 1:56 | Create | Villager (Male) |
| 2:25 | Create | Villager (Male) |
| 2:25 | Create | Villager (Male) |
| 2:54 | Create | Villager (Male) |
| 2:54 | Create | Villager (Male) |
| 3:19 | Create | Villager (Male) |
| 3:20 | Create | Villager (Male) |
| 3:28 | Build | House |
| 3:29 | Build | House |
| 3:31 | Build | House |
| 3:37 | Create | Villager (Male) |
| 3:55 | Create | Villager (Male) |
| 3:55 | Create | Villager (Male) |
| 4:26 | Create | Villager (Male) |
| 4:52 | Create | Villager (Male) |
| 5:04 | Research | Double-Bit Axe |
| 5:10 | Build | Mill |
| 5:19 | Create | Villager (Male) |
| 5:39 | Create | Villager (Male) |
| 5:59 | Create | Villager (Male) |
| 6:32 | Research | Horse Collar |
| 6:33 | Create | Villager (Male) |
| 6:51 | Create | Villager (Male) |
| 7:08 | Build | Mill |
| 7:29 | Create | Villager (Male) |
| 7:29 | Create | Villager (Male) |
| 8:14 | Create | Villager (Male) |
| 8:15 | Create | Villager (Male) |
| 8:16 | Create | Villager (Male) |
| 8:43 | Create | Villager (Male) |
| 8:53 | Build | Mining Camp |
| 9:43 | Research | Feudal Age |
| 9:49 | Research | Gold Mining |
| 11:07 | Create | Villager (Male) |
| 11:07 | Create | Villager (Male) |
| 12:11 | Age | Feudal Age |
| 12:13 | Build | Market |
| 12:18 | Build | Blacksmith |
| 12:26 | Build | Farm |
| 12:32 | Build | Farm |
| 12:51 | Build | Farm |
| 12:58 | Research | Castle Age |
| 12:58 | Research | Castle Age |
| 13:12 | Build | House |
| 13:14 | Build | House |
| 13:15 | Build | House |
| 13:22 | Build | Farm |
| 13:26 | Research | Bow Saw |
| 13:33 | Build | Farm |
| 13:36 | Build | Farm |
| 14:00 | Build | Barracks |
| 14:21 | Research | Heavy Plow |
| 14:25 | Research | Gold Shaft Mining |
| 14:40 | Build | Farm |
| 15:08 | Build | Stable |
| 15:13 | Create | Villager (Male) |
| 15:14 | Create | Villager (Male) |
| 15:41 | Age | Castle Age |
| 15:43 | Build | Town Center |
| 15:56 | Build | House |
| 16:03 | Build | Farm |
| 16:09 | Build | Farm |
| 16:18 | Create | Villager (Male) |
| 16:20 | Create | Villager (Male) |
| 16:25 | Build | House |
| 16:35 | Build | Farm |
| 16:49 | Build | House |
| 17:02 | Create | Villager (Male) |
| 17:02 | Create | Villager (Male) |
| 17:04 | Create | Villager (Male) |
| 17:13 | Build | Monastery |
| 17:26 | Build | Farm |
| 17:40 | Create | Villager (Male) |
| 17:41 | Create | Villager (Male) |
| 17:50 | Research | Husbandry |
| 17:57 | Build | Stable |
| 17:58 | Create | Monk |
| 18:01 | Research | Fervor |
| 18:02 | Create | Villager (Male) |
| 18:03 | Create | Villager (Male) |
| 18:04 | Build | Farm |
| 18:12 | Build | Farm |
| 18:15 | Build | Farm |
| 18:20 | Create | Villager (Male) |
| 18:24 | Build | Farm |
| 18:33 | Build | Farm |
| 18:35 | Create | Villager (Male) |
| 18:40 | Build | Farm |
| 18:47 | Build | House |
| 18:53 | Build | House |
| 18:58 | Create | Villager (Male) |
| 18:58 | Create | Villager (Male) |
| 19:11 | Build | Farm |
| 19:12 | Build | Farm |
| 19:14 | Build | Farm |
| 19:19 | Create | Knight |
| 19:19 | Create | Knight |
| 19:20 | Create | Knight |
| 19:30 | Create | Villager (Male) |
| 19:34 | Build | Farm |
| 19:35 | Build | Farm |
| 19:37 | Build | Farm |
| 19:39 | Build | Farm |
| 19:41 | Create | Villager (Male) |
| 20:00 | Create | Knight |
| 20:02 | Create | Villager (Male) |
| 20:06 | Create | Knight |
| 20:09 | Build | Farm |
| 20:11 | Create | Villager (Male) |
| 20:18 | Create | Villager (Male) |
| 20:21 | Build | Farm |
| 20:22 | Build | Farm |
| 20:24 | Create | Villager (Male) |
| 20:31 | Create | Villager (Male) |
| 20:39 | Build | Town Center |
| 20:41 | Create | Villager (Male) |
| 20:51 | Build | Farm |
| 20:54 | Create | Villager (Male) |
| 20:57 | Create | Knight |
| 20:57 | Create | Knight |
| 20:58 | Create | Knight |
| 21:04 | Build | Farm |
| 21:11 | Create | Villager (Male) |
| 21:15 | Create | Knight |
| 21:16 | Create | Knight |
| 21:16 | Create | Knight |
| 21:24 | Create | Villager (Male) |
| 21:29 | Build | Farm |
| 21:31 | Create | Villager (Male) |
| 21:39 | Create | Villager (Male) |
| 21:59 | Research | Cavalier (upgrade) |
| 22:01 | Research | Scale Barding Armor |
| 22:34 | Create | Villager (Male) |
| 22:34 | Create | Villager (Male) |
| 22:35 | Create | Villager (Male) |
| 22:35 | Create | Villager (Male) |
| 22:42 | Create | Villager (Male) |
| 22:42 | Create | Villager (Male) |
| 22:48 | Build | Farm |
| 22:49 | Build | Farm |
Build order — i am > i was
First 150 of 156 actions detected
| 0:02 | Create | Villager (Male) ×4 |
| 0:02 | Create | Villager (Male) ×4 |
| 0:07 | Build | House |
| 0:12 | Build | House |
| 1:31 | Create | Villager (Male) |
| 1:56 | Create | Villager (Male) |
| 2:34 | Create | Villager (Male) |
| 2:34 | Create | Villager (Male) |
| 3:00 | Create | Villager (Male) |
| 3:09 | Build | House |
| 3:28 | Create | Villager (Male) |
| 3:29 | Create | Villager (Male) |
| 3:34 | Create | Villager (Male) |
| 3:56 | Create | Villager (Male) |
| 4:02 | Create | Villager (Male) |
| 4:40 | Build | Mill |
| 4:49 | Create | Villager (Male) ×2 |
| 5:07 | Build | House |
| 5:07 | Build | House |
| 5:45 | Create | Villager (Male) |
| 5:45 | Create | Villager (Male) |
| 6:06 | Create | Villager (Male) |
| 6:06 | Create | Villager (Male) |
| 6:06 | Create | Villager (Male) |
| 6:36 | Build | Mill |
| 7:20 | Build | Lumber Camp |
| 8:24 | Create | Villager (Male) |
| 8:44 | Research | Feudal Age |
| 10:10 | Create | Villager (Male) |
| 10:10 | Create | Villager (Male) |
| 10:48 | Create | Villager (Male) |
| 11:00 | Age | Feudal Age |
| 11:02 | Create | Villager (Male) |
| 11:13 | Build | Market |
| 11:33 | Build | Blacksmith |
| 12:29 | Build | Farm |
| 12:29 | Build | Farm |
| 12:32 | Build | Farm |
| 12:32 | Build | Farm |
| 12:39 | Research | Castle Age |
| 12:48 | Build | Farm |
| 12:49 | Build | Farm |
| 12:50 | Build | Farm |
| 12:51 | Build | Farm |
| 12:57 | Research | Double-Bit Axe |
| 13:18 | Build | Farm |
| 13:20 | Build | Farm |
| 13:21 | Build | Farm |
| 13:28 | Build | Farm |
| 13:45 | Build | Farm |
| 14:00 | Build | Farm |
| 14:21 | Build | House |
| 14:33 | Build | Farm |
| 14:34 | Build | Farm |
| 14:51 | Build | Farm |
| 14:52 | Build | Farm |
| 15:00 | Build | Farm |
| 15:03 | Create | Villager (Male) |
| 15:03 | Create | Villager (Male) |
| 15:10 | Build | House |
| 15:11 | Build | House |
| 15:20 | Age | Castle Age |
| 15:25 | Create | Villager (Male) |
| 16:08 | Build | Town Center |
| 16:26 | Create | Villager (Male) |
| 16:27 | Create | Villager (Male) |
| 16:27 | Create | Villager (Male) |
| 16:31 | Research | Bow Saw |
| 17:05 | Create | Villager (Male) |
| 17:24 | Build | Monastery |
| 17:28 | Build | House |
| 17:31 | Create | Villager (Male) |
| 17:31 | Create | Villager (Male) |
| 17:31 | Create | Villager (Male) |
| 17:32 | Create | Villager (Male) |
| 17:33 | Create | Villager (Male) |
| 17:34 | Create | Villager (Male) |
| 17:50 | Create | Villager (Male) |
| 18:18 | Create | Villager (Male) |
| 18:21 | Create | Monk |
| 18:21 | Create | Monk |
| 18:36 | Build | Town Center |
| 18:45 | Build | Farm |
| 18:46 | Build | Farm |
| 18:47 | Build | Farm |
| 18:50 | Build | Farm |
| 18:53 | Create | Villager (Male) |
| 18:55 | Create | Villager (Male) |
| 18:57 | Create | Villager (Male) |
| 18:57 | Create | Villager (Male) |
| 18:58 | Create | Villager (Male) |
| 19:10 | Create | Villager (Male) |
| 19:18 | Build | Farm |
| 19:19 | Build | Farm |
| 19:20 | Build | Farm |
| 19:22 | Build | Farm |
| 19:22 | Build | Farm |
| 19:22 | Build | Farm |
| 19:23 | Build | Farm |
| 19:23 | Build | Farm |
| 19:23 | Build | Farm |
| 19:24 | Build | Farm |
| 19:24 | Build | Farm |
| 19:24 | Build | Farm |
| 19:24 | Build | Farm |
| 19:24 | Build | Farm |
| 19:25 | Build | Farm |
| 19:25 | Build | Farm |
| 19:25 | Build | Farm |
| 19:25 | Build | Farm |
| 19:26 | Build | Farm |
| 19:26 | Build | Farm |
| 19:26 | Build | Farm |
| 19:26 | Build | Farm |
| 19:31 | Create | Villager (Male) |
| 19:32 | Create | Villager (Male) |
| 19:48 | Build | Farm |
| 19:49 | Build | Farm |
| 19:52 | Build | Farm |
| 19:56 | Create | Villager (Male) |
| 19:58 | Create | Villager (Male) |
| 19:58 | Create | Villager (Male) |
| 20:03 | Create | Villager (Male) |
| 20:03 | Create | Villager (Male) |
| 20:14 | Create | Villager (Male) |
| 20:14 | Create | Villager (Male) |
| 20:14 | Create | Villager (Male) |
| 20:14 | Create | Villager (Male) |
| 20:15 | Create | Villager (Male) |
| 20:25 | Create | Monk |
| 20:47 | Create | Villager (Male) |
| 20:50 | Create | Villager (Male) |
| 20:50 | Create | Villager (Male) |
| 20:50 | Create | Villager (Male) |
| 20:56 | Build | Farm |
| 21:05 | Build | Farm |
| 21:16 | Build | Farm |
| 21:19 | Build | Farm |
| 21:20 | Build | Farm |
| 21:24 | Build | Farm |
| 21:40 | Build | Farm |
| 21:41 | Build | Farm |
| 21:43 | Build | Farm |
| 21:45 | Build | Farm |
| 21:46 | Build | Farm |
| 21:47 | Build | Farm |
| 22:02 | Build | House |
| 22:02 | Build | House |
| 22:07 | Research | Wheelbarrow |
| 22:21 | Build | Farm |
Build order — 57168948
First 150 of 178 actions detected
| 0:00 | Create | Villager (Male) |
| 0:00 | Create | Villager (Male) |
| 0:00 | Create | Villager (Male) |
| 0:00 | Create | Villager (Male) |
| 0:00 | Create | Villager (Male) |
| 0:00 | Create | Villager (Male) |
| 0:00 | Create | Villager (Male) |
| 0:03 | Build | House |
| 0:05 | Build | House |
| 1:34 | Create | Villager (Male) |
| 1:34 | Create | Villager (Male) |
| 1:34 | Create | Villager (Male) |
| 1:34 | Create | Villager (Male) |
| 1:34 | Create | Villager (Male) |
| 1:42 | Create | Villager (Male) |
| 1:42 | Create | Villager (Male) |
| 1:42 | Create | Villager (Male) |
| 1:42 | Create | Villager (Male) |
| 1:48 | Build | Lumber Camp |
| 2:19 | Create | Villager (Male) |
| 2:19 | Create | Villager (Male) |
| 2:19 | Create | Villager (Male) |
| 2:19 | Create | Villager (Male) |
| 2:19 | Create | Villager (Male) |
| 2:19 | Create | Villager (Male) |
| 2:51 | Create | Villager (Male) |
| 2:51 | Create | Villager (Male) |
| 2:52 | Create | Villager (Male) |
| 2:52 | Create | Villager (Male) |
| 2:59 | Build | House |
| 3:01 | Build | House |
| 3:23 | Create | Villager (Male) |
| 3:23 | Create | Villager (Male) |
| 4:07 | Create | Villager (Male) |
| 4:07 | Create | Villager (Male) |
| 4:07 | Create | Villager (Male) |
| 4:07 | Create | Villager (Male) |
| 4:07 | Create | Villager (Male) |
| 4:07 | Create | Villager (Male) |
| 4:12 | Build | Mill |
| 4:28 | Create | Villager (Male) |
| 4:28 | Create | Villager (Male) |
| 4:28 | Create | Villager (Male) |
| 4:28 | Create | Villager (Male) |
| 4:28 | Create | Villager (Male) |
| 4:28 | Create | Villager (Male) |
| 4:30 | Create | Villager (Male) |
| 4:30 | Create | Villager (Male) |
| 4:30 | Create | Villager (Male) |
| 4:30 | Create | Villager (Male) |
| 4:30 | Create | Villager (Male) |
| 5:19 | Create | Villager (Male) |
| 5:19 | Create | Villager (Male) |
| 5:19 | Create | Villager (Male) |
| 5:44 | Build | Mill |
| 5:51 | Create | Villager (Male) |
| 6:13 | Create | Villager (Male) |
| 6:52 | Create | Villager (Male) |
| 6:53 | Create | Villager (Male) |
| 7:08 | Build | Lumber Camp |
| 7:50 | Research | Feudal Age |
| 8:42 | Create | Villager (Male) |
| 8:43 | Create | Villager (Male) |
| 9:16 | Create | Villager (Male) |
| 9:17 | Create | Villager (Male) |
| 9:29 | Build | House |
| 10:05 | Age | Feudal Age |
| 10:08 | Build | Market |
| 10:09 | Research | Double-Bit Axe |
| 10:30 | Research | Horse Collar |
| 10:32 | Build | Farm |
| 10:38 | Build | Farm |
| 10:40 | Build | Farm |
| 11:17 | Build | Blacksmith |
| 11:39 | Create | Villager (Male) |
| 11:59 | Build | House |
| 12:07 | Create | Villager (Male) |
| 12:30 | Research | Castle Age |
| 12:34 | Build | House |
| 12:44 | Build | House |
| 12:52 | Build | Farm |
| 12:55 | Build | Farm |
| 13:04 | Build | Farm |
| 13:13 | Build | Mining Camp |
| 13:19 | Build | House |
| 13:29 | Create | Villager (Male) |
| 13:30 | Create | Villager (Male) |
| 14:14 | Build | Farm |
| 14:17 | Build | Farm |
| 14:57 | Research | Gold Mining |
| 15:15 | Age | Castle Age |
| 15:18 | Build | Siege Workshop |
| 15:20 | Build | Siege Workshop |
| 15:24 | Research | Bow Saw |
| 15:30 | Create | Villager (Male) |
| 15:51 | Create | Villager (Male) |
| 15:56 | Research | Gold Shaft Mining |
| 16:02 | Create | Villager (Male) |
| 16:06 | Create | Scorpion |
| 16:12 | Create | Scorpion |
| 16:12 | Create | Scorpion |
| 16:14 | Create | Scorpion |
| 16:14 | Create | Scorpion |
| 16:30 | Build | University |
| 16:36 | Build | House |
| 16:38 | Build | House |
| 16:42 | Create | Scorpion |
| 16:42 | Create | Scorpion |
| 16:56 | Create | Scorpion |
| 16:56 | Create | Scorpion |
| 17:12 | Create | Scorpion |
| 17:12 | Create | Scorpion |
| 17:13 | Create | Villager (Male) |
| 17:32 | Create | Scorpion |
| 17:32 | Create | Scorpion |
| 17:39 | Create | Scorpion |
| 17:39 | Create | Scorpion |
| 17:40 | Create | Villager (Male) |
| 17:41 | Create | Villager (Male) |
| 18:03 | Create | Scorpion |
| 18:03 | Create | Scorpion |
| 18:07 | Create | Villager (Male) |
| 18:14 | Build | House |
| 18:15 | Build | House |
| 18:20 | Create | Scorpion |
| 18:29 | Create | Villager (Male) |
| 18:29 | Create | Scorpion |
| 18:36 | Create | Scorpion |
| 18:45 | Build | Lumber Camp |
| 18:48 | Build | Farm |
| 18:50 | Build | Farm |
| 18:54 | Create | Villager (Male) |
| 18:54 | Create | Scorpion |
| 19:10 | Create | Villager (Male) |
| 19:12 | Create | Scorpion |
| 19:14 | Create | Scorpion |
| 19:39 | Create | Villager (Male) |
| 20:00 | Research | Ballistics |
| 20:01 | Research | Ballistics |
| 20:12 | Create | Scorpion |
| 20:20 | Create | Scorpion |
| 20:20 | Create | Scorpion |
| 20:28 | Create | Scorpion |
| 20:28 | Create | Scorpion |
| 20:28 | Create | Scorpion |
| 20:29 | Create | Villager (Male) |
| 20:29 | Create | Villager (Male) |
| 20:41 | Create | Scorpion |
| 20:44 | Build | Farm |
| 20:47 | Build | Farm |
Build order — KOMMEPCAHT
First 150 of 168 actions detected
| 0:02 | Create | Villager (Male) |
| 0:02 | Create | Villager (Male) |
| 0:02 | Create | Villager (Male) |
| 0:03 | Create | Villager (Male) |
| 0:05 | Build | House |
| 0:07 | Build | House |
| 1:32 | Create | Villager (Male) |
| 1:57 | Build | Lumber Camp |
| 1:58 | Create | Villager (Male) |
| 2:33 | Create | Villager (Male) |
| 2:59 | Create | Villager (Male) |
| 3:09 | Build | House |
| 3:11 | Build | House |
| 3:12 | Build | House |
| 3:13 | Create | Villager (Male) |
| 3:13 | Create | Villager (Male) |
| 3:30 | Build | House |
| 3:45 | Create | Villager (Male) |
| 4:06 | Build | House |
| 4:26 | Create | Villager (Male) |
| 4:50 | Create | Villager (Male) |
| 5:13 | Create | Villager (Male) |
| 5:13 | Create | Villager (Male) |
| 5:32 | Create | Villager (Male) |
| 5:56 | Build | Mill |
| 5:59 | Create | Villager (Male) |
| 5:59 | Create | Villager (Male) |
| 6:07 | Create | Villager (Male) |
| 6:47 | Create | Villager (Male) |
| 6:48 | Create | Villager (Male) |
| 7:19 | Create | Villager (Male) |
| 7:21 | Create | Villager (Male) |
| 7:21 | Create | Villager (Male) |
| 7:21 | Create | Villager (Male) |
| 7:22 | Create | Villager (Male) |
| 7:41 | Create | Villager (Male) |
| 7:55 | Build | Mining Camp |
| 9:17 | Research | Feudal Age |
| 9:41 | Create | Villager (Male) |
| 9:41 | Create | Villager (Male) |
| 11:37 | Age | Feudal Age |
| 11:52 | Build | Lumber Camp |
| 12:16 | Research | Castle Age |
| 12:29 | Research | Horse Collar |
| 13:05 | Research | Double-Bit Axe |
| 13:48 | Build | Farm |
| 13:48 | Build | Farm |
| 13:48 | Build | Farm |
| 13:49 | Build | Farm |
| 14:51 | Create | Villager (Male) |
| 15:07 | Age | Castle Age |
| 15:12 | Build | Town Center |
| 15:21 | Build | Town Center |
| 15:24 | Build | Town Center |
| 15:35 | Build | Farm |
| 15:35 | Build | Farm |
| 15:39 | Build | Farm |
| 15:39 | Build | Farm |
| 15:47 | Research | Wheelbarrow |
| 16:03 | Build | Farm |
| 16:06 | Build | Farm |
| 16:09 | Build | Farm |
| 16:12 | Build | Farm |
| 16:16 | Create | Villager (Male) |
| 16:39 | Create | Villager (Male) |
| 16:42 | Build | Farm |
| 16:44 | Create | Villager (Male) |
| 16:54 | Build | Farm |
| 17:02 | Create | Villager (Male) |
| 17:10 | Create | Villager (Male) |
| 17:22 | Create | Villager (Male) |
| 17:27 | Build | Farm |
| 17:27 | Build | Farm |
| 17:28 | Build | Farm |
| 17:28 | Build | Farm |
| 17:35 | Create | Villager (Male) |
| 17:35 | Create | Villager (Male) |
| 17:49 | Create | Villager (Male) |
| 17:49 | Create | Villager (Male) |
| 17:50 | Create | Villager (Male) |
| 17:53 | Build | Farm |
| 17:55 | Build | Farm |
| 18:07 | Create | Villager (Male) |
| 18:08 | Create | Villager (Male) |
| 18:11 | Build | Farm |
| 18:17 | Create | Villager (Male) |
| 18:18 | Create | Villager (Male) |
| 18:25 | Create | Villager (Male) |
| 18:38 | Build | House |
| 18:39 | Build | House |
| 18:41 | Create | Villager (Male) |
| 18:41 | Create | Villager (Male) |
| 18:45 | Build | Farm |
| 18:46 | Build | Farm |
| 18:47 | Create | Villager (Male) |
| 18:53 | Create | Villager (Male) |
| 19:00 | Build | Farm |
| 19:02 | Create | Villager (Male) |
| 19:02 | Create | Villager (Male) |
| 19:03 | Create | Villager (Male) |
| 19:05 | Build | House |
| 19:07 | Build | House |
| 19:18 | Create | Villager (Male) |
| 19:40 | Create | Villager (Male) |
| 19:41 | Create | Villager (Male) |
| 19:41 | Create | Villager (Male) |
| 19:42 | Create | Villager (Male) |
| 19:51 | Create | Villager (Male) |
| 19:51 | Create | Villager (Male) |
| 19:54 | Build | Farm |
| 19:54 | Build | Farm |
| 19:54 | Build | Farm |
| 19:56 | Create | Villager (Male) |
| 20:00 | Build | Farm |
| 20:02 | Create | Villager (Male) |
| 20:12 | Create | Villager (Male) |
| 20:12 | Create | Villager (Male) |
| 20:20 | Create | Villager (Male) |
| 20:20 | Create | Villager (Male) |
| 20:26 | Build | Siege Workshop |
| 20:30 | Create | Villager (Male) |
| 20:30 | Create | Villager (Male) |
| 20:41 | Build | House |
| 20:42 | Build | House |
| 20:43 | Build | House |
| 20:45 | Create | Villager (Male) |
| 20:45 | Create | Villager (Male) |
| 20:46 | Create | Villager (Male) |
| 20:49 | Build | Farm |
| 20:49 | Build | Farm |
| 20:50 | Build | Farm |
| 20:51 | Create | Villager (Male) |
| 20:52 | Create | Villager (Male) |
| 20:54 | Build | Farm |
| 21:04 | Create | Villager (Male) |
| 21:05 | Create | Villager (Male) |
| 21:07 | Build | Farm |
| 21:07 | Build | Farm |
| 21:09 | Build | Farm |
| 21:10 | Build | Farm |
| 21:10 | Build | Farm |
| 21:10 | Build | Farm |
| 21:11 | Build | Farm |
| 21:11 | Build | Farm |
| 21:12 | Build | Farm |
| 21:12 | Build | Farm |
| 21:12 | Build | Farm |
| 21:41 | Build | Siege Workshop |
| 21:56 | Create | Villager (Male) |
| 21:57 | Create | Villager (Male) |
Build order — CravenDylan
129 actions detected in the replay
| 0:02 | Create | Villager (Male) |
| 0:03 | Create | Villager (Male) |
| 0:03 | Create | Villager (Male) |
| 0:03 | Create | Villager (Male) |
| 0:05 | Build | House |
| 0:08 | Build | House |
| 1:30 | Create | Villager (Male) |
| 1:55 | Build | Lumber Camp |
| 1:59 | Create | Villager (Male) |
| 2:29 | Create | Villager (Male) |
| 3:03 | Create | Villager (Male) |
| 3:19 | Create | Villager (Male) |
| 3:55 | Create | Villager (Male) |
| 4:02 | Build | House |
| 4:29 | Create | Villager (Male) |
| 4:30 | Create | Villager (Male) |
| 4:30 | Create | Villager (Male) |
| 5:04 | Create | Villager (Male) |
| 5:31 | Create | Villager (Male) |
| 5:50 | Build | Mill |
| 5:57 | Create | Villager (Male) |
| 6:13 | Build | House |
| 6:17 | Create | Villager (Male) |
| 6:38 | Create | Villager (Male) |
| 6:50 | Create | Villager (Male) |
| 7:35 | Build | Mill |
| 7:40 | Create | Villager (Male) |
| 8:00 | Create | Villager (Male) |
| 8:22 | Build | Mining Camp |
| 8:44 | Research | Feudal Age |
| 8:44 | Research | Feudal Age |
| 9:06 | Create | Villager (Male) |
| 9:06 | Create | Villager (Male) |
| 10:54 | Age | Feudal Age |
| 10:58 | Build | Farm |
| 10:59 | Build | Farm |
| 11:02 | Build | Farm |
| 11:06 | Build | Market |
| 11:16 | Build | Market |
| 11:25 | Build | House |
| 11:34 | Build | Blacksmith |
| 11:37 | Create | Villager (Male) |
| 12:10 | Build | Farm |
| 12:20 | Build | Farm |
| 12:28 | Build | House |
| 12:31 | Build | Farm |
| 12:35 | Research | Castle Age |
| 12:35 | Research | Castle Age |
| 12:45 | Research | Double-Bit Axe |
| 13:11 | Research | Horse Collar |
| 13:47 | Research | Gold Mining |
| 13:50 | Create | Villager (Male) |
| 15:15 | Age | Castle Age |
| 15:26 | Build | Town Center |
| 15:28 | Research | Bow Saw |
| 15:31 | Create | Villager (Male) |
| 15:37 | Build | Town Center |
| 15:46 | Build | Town Center |
| 16:07 | Create | Villager (Male) |
| 16:09 | Create | Villager (Male) |
| 16:34 | Create | Villager (Male) |
| 16:43 | Build | Farm |
| 16:52 | Create | Villager (Male) |
| 16:52 | Create | Villager (Male) |
| 17:06 | Build | Farm |
| 17:08 | Build | Farm |
| 17:09 | Build | Farm |
| 17:11 | Build | Farm |
| 17:15 | Build | Farm |
| 17:20 | Build | Farm |
| 17:21 | Create | Villager (Male) |
| 17:24 | Create | Villager (Male) |
| 17:37 | Build | Farm |
| 17:39 | Build | Farm |
| 17:40 | Build | Farm |
| 17:41 | Create | Villager (Male) |
| 17:41 | Create | Villager (Male) |
| 17:53 | Create | Villager (Male) |
| 17:56 | Create | Villager (Male) |
| 17:56 | Create | Villager (Male) |
| 18:17 | Build | Farm |
| 18:22 | Build | Farm |
| 18:23 | Build | Farm |
| 18:26 | Build | Farm |
| 18:27 | Build | Farm |
| 18:28 | Build | Farm |
| 18:31 | Build | Farm |
| 18:38 | Create | Villager (Male) |
| 18:39 | Create | Villager (Male) |
| 18:40 | Create | Villager (Male) |
| 18:53 | Build | House |
| 18:54 | Build | House |
| 19:02 | Build | House |
| 19:04 | Build | House |
| 19:07 | Build | House |
| 19:09 | Create | Villager (Male) |
| 19:11 | Create | Villager (Male) |
| 19:17 | Research | Wheelbarrow |
| 19:17 | Research | Wheelbarrow |
| 19:39 | Create | Villager (Male) |
| 19:41 | Create | Villager (Male) |
| 19:41 | Create | Villager (Male) |
| 19:42 | Create | Villager (Male) |
| 19:56 | Create | Villager (Male) |
| 19:58 | Create | Villager (Male) |
| 20:13 | Build | Farm |
| 20:16 | Build | Farm |
| 20:19 | Build | Farm |
| 20:25 | Build | Monastery |
| 20:27 | Build | House |
| 20:28 | Build | House |
| 20:32 | Create | Villager (Male) |
| 20:32 | Create | Villager (Male) |
| 20:33 | Create | Villager (Male) |
| 20:48 | Create | Villager (Male) |
| 20:53 | Create | Villager (Male) |
| 21:10 | Research | Hand Cart |
| 21:17 | Create | Villager (Male) |
| 21:20 | Create | Villager (Male) |
| 21:24 | Create | Monk |
| 21:56 | Create | Villager (Male) |
| 21:56 | Create | Villager (Male) |
| 21:56 | Create | Villager (Male) |
| 21:57 | Create | Villager (Male) |
| 21:57 | Create | Villager (Male) |
| 22:17 | Create | Villager (Male) |
| 22:18 | Create | Villager (Male) |
| 22:18 | Create | Villager (Male) |
| 22:18 | Create | Villager (Male) |
Build order — cainiaoxm
136 actions detected in the replay
| 0:03 | Create | Villager (Male) |
| 0:03 | Create | Villager (Male) |
| 0:05 | Build | House |
| 0:07 | Build | House |
| 0:32 | Create | Villager (Male) |
| 0:32 | Create | Villager (Male) |
| 1:37 | Create | Villager (Male) |
| 1:38 | Create | Villager (Male) |
| 1:50 | Build | Lumber Camp |
| 1:53 | Create | Villager (Male) |
| 1:53 | Create | Villager (Male) |
| 2:27 | Create | Villager (Male) |
| 2:28 | Create | Villager (Male) |
| 2:48 | Build | House |
| 3:02 | Create | Villager (Male) |
| 3:02 | Create | Villager (Male) |
| 3:34 | Create | Villager (Male) |
| 3:34 | Create | Villager (Male) |
| 3:50 | Create | Villager (Male) |
| 4:13 | Create | Villager (Male) |
| 4:13 | Create | Villager (Male) |
| 5:00 | Build | Mill |
| 5:14 | Create | Villager (Male) |
| 5:14 | Create | Villager (Male) |
| 5:37 | Create | Villager (Male) |
| 5:37 | Create | Villager (Male) |
| 5:47 | Create | Villager (Male) |
| 5:48 | Research | Loom |
| 6:21 | Build | House |
| 6:24 | Create | Villager (Male) |
| 6:24 | Create | Villager (Male) |
| 7:04 | Build | Mining Camp |
| 7:24 | Build | Mill |
| 7:30 | Create | Villager (Male) |
| 7:58 | Build | Palisade Wall |
| 8:04 | Research | Feudal Age |
| 8:50 | Create | Villager (Male) |
| 8:50 | Create | Villager (Male) |
| 8:50 | Create | Villager (Male) |
| 8:51 | Create | Villager (Male) |
| 8:51 | Create | Villager (Male) |
| 10:14 | Age | Feudal Age |
| 10:23 | Build | Market |
| 11:14 | Build | Mining Camp |
| 11:36 | Create | Villager (Male) |
| 12:09 | Build | Blacksmith |
| 12:13 | Build | House |
| 12:34 | Research | Double-Bit Axe |
| 12:51 | Create | Villager (Male) |
| 12:51 | Create | Villager (Male) |
| 13:32 | Create | Villager (Male) |
| 13:56 | Build | Lumber Camp |
| 14:20 | Research | Castle Age |
| 14:34 | Research | Gold Mining |
| 14:36 | Research | Horse Collar |
| 14:41 | Build | Farm |
| 14:57 | Build | Farm |
| 14:58 | Build | Farm |
| 15:15 | Build | House |
| 15:23 | Build | Farm |
| 15:33 | Build | Farm |
| 16:04 | Build | Farm |
| 16:23 | Build | Farm |
| 16:25 | Build | Farm |
| 16:50 | Build | Farm |
| 16:51 | Build | Farm |
| 17:10 | Age | Castle Age |
| 17:19 | Build | Castle |
| 17:32 | Build | Siege Workshop |
| 17:38 | Create | Villager (Male) |
| 17:39 | Research | Town Watch |
| 17:44 | Research | Bow Saw |
| 17:44 | Create | Villager (Male) |
| 17:45 | Create | Villager (Male) |
| 17:45 | Create | Villager (Male) |
| 17:58 | Create | Villager (Male) |
| 17:58 | Create | Villager (Male) |
| 18:17 | Create | Villager (Male) |
| 18:18 | Create | Villager (Male) |
| 18:30 | Create | Battering Ram |
| 18:54 | Create | Villager (Male) |
| 19:05 | Create | Woad Raider |
| 19:05 | Create | Woad Raider |
| 19:05 | Create | Woad Raider |
| 19:09 | Build | Farm |
| 19:11 | Build | Farm |
| 19:15 | Create | Villager (Male) |
| 19:26 | Create | Woad Raider |
| 19:26 | Create | Woad Raider |
| 19:26 | Create | Woad Raider |
| 19:33 | Create | Battering Ram |
| 19:43 | Create | Villager (Male) |
| 19:52 | Create | Villager (Male) |
| 19:58 | Create | Woad Raider |
| 19:58 | Create | Woad Raider |
| 20:01 | Create | Battering Ram |
| 20:01 | Create | Battering Ram |
| 20:16 | Build | Farm |
| 20:18 | Build | Farm |
| 20:26 | Create | Villager (Male) |
| 20:26 | Create | Villager (Male) |
| 20:51 | Create | Battering Ram |
| 20:55 | Create | Villager (Male) |
| 20:55 | Create | Villager (Male) |
| 21:00 | Create | Woad Raider |
| 21:00 | Create | Woad Raider |
| 21:06 | Create | Woad Raider |
| 21:06 | Create | Woad Raider |
| 21:06 | Create | Woad Raider |
| 21:14 | Build | Farm |
| 21:19 | Build | Farm |
| 21:22 | Build | Farm |
| 21:24 | Create | Villager (Male) |
| 21:24 | Create | Villager (Male) |
| 21:27 | Create | Villager (Male) |
| 21:39 | Build | Farm |
| 21:40 | Create | Villager (Male) |
| 21:41 | Create | Villager (Male) |
| 21:59 | Create | Woad Raider |
| 21:59 | Create | Woad Raider |
| 22:06 | Create | Woad Raider |
| 22:06 | Create | Woad Raider |
| 22:09 | Build | Farm |
| 22:27 | Create | Woad Raider |
| 22:27 | Create | Woad Raider |
| 22:27 | Create | Woad Raider |
| 22:35 | Create | Woad Raider |
| 22:35 | Create | Woad Raider |
| 22:52 | Build | Town Center |
| 23:12 | Create | Woad Raider |
| 23:12 | Create | Woad Raider |
| 23:13 | Create | Woad Raider |
| 23:13 | Create | Woad Raider |
| 23:25 | Build | House |
| 23:27 | Build | House |
| 23:32 | Build | House |
Build order — preCoss
110 actions detected in the replay
| 0:03 | Build | House |
| 0:05 | Build | House |
| 0:11 | Create | Villager (Male) |
| 0:12 | Create | Villager (Male) |
| 0:12 | Create | Villager (Male) |
| 0:12 | Create | Villager (Male) |
| 0:12 | Create | Villager (Male) |
| 1:34 | Create | Villager (Male) |
| 1:34 | Create | Villager (Male) |
| 1:58 | Build | Mule Cart |
| 2:06 | Create | Villager (Male) |
| 2:06 | Create | Villager (Male) |
| 2:06 | Create | Villager (Male) |
| 2:29 | Create | Villager (Male) |
| 2:29 | Create | Villager (Male) |
| 2:29 | Create | Villager (Male) |
| 3:15 | Create | Villager (Male) |
| 3:15 | Create | Villager (Male) |
| 3:15 | Create | Villager (Male) |
| 3:37 | Create | Villager (Male) |
| 3:37 | Create | Villager (Male) |
| 3:37 | Create | Villager (Male) |
| 3:56 | Build | House |
| 4:10 | Build | Mill |
| 4:15 | Create | Villager (Male) |
| 4:15 | Create | Villager (Male) |
| 4:16 | Create | Villager (Male) |
| 4:29 | Create | Villager (Male) |
| 4:29 | Create | Villager (Male) |
| 4:30 | Create | Villager (Male) |
| 5:03 | Create | Villager (Male) |
| 5:03 | Create | Villager (Male) |
| 5:03 | Create | Villager (Male) |
| 5:03 | Create | Villager (Male) |
| 5:29 | Build | House |
| 5:50 | Create | Villager (Male) |
| 5:54 | Create | Villager (Male) |
| 5:55 | Create | Villager (Male) |
| 5:55 | Create | Villager (Male) |
| 5:55 | Create | Villager (Male) |
| 6:26 | Build | Mill |
| 6:46 | Create | Villager (Male) |
| 7:18 | Create | Villager (Male) |
| 7:51 | Create | Villager (Male) |
| 8:07 | Build | House |
| 8:13 | Build | Mule Cart |
| 8:15 | Create | Villager (Male) |
| 8:38 | Create | Villager (Male) |
| 8:41 | Research | Feudal Age |
| 8:41 | Research | Feudal Age |
| 10:40 | Research | Loom |
| 11:25 | Age | Feudal Age |
| 11:28 | Create | Villager (Male) |
| 11:28 | Create | Villager (Male) |
| 11:41 | Build | Market |
| 11:44 | Build | Blacksmith |
| 12:32 | Research | Castle Age |
| 12:32 | Research | Castle Age |
| 13:19 | Research | Double-Bit Axe |
| 13:19 | Research | Double-Bit Axe |
| 14:03 | Research | Gold Mining |
| 15:20 | Age | Castle Age |
| 15:25 | Create | Villager (Male) |
| 15:32 | Build | Castle |
| 15:51 | Build | Town Center |
| 16:02 | Create | Villager (Male) |
| 16:24 | Build | Town Center |
| 16:27 | Create | Villager (Male) |
| 16:48 | Build | Siege Workshop |
| 16:49 | Create | Villager (Male) |
| 16:56 | Create | Villager (Male) |
| 17:00 | Build | Farm |
| 17:00 | Build | Farm |
| 17:02 | Build | Farm |
| 17:18 | Create | Composite Bowman |
| 17:18 | Create | Composite Bowman |
| 17:26 | Build | Farm |
| 17:26 | Build | Farm |
| 17:26 | Build | Farm |
| 17:33 | Build | Farm |
| 17:33 | Build | Farm |
| 17:38 | Build | Farm |
| 17:46 | Build | House |
| 18:21 | Create | Villager (Male) |
| 18:21 | Create | Villager (Male) |
| 18:31 | Build | House |
| 18:54 | Create | Mangonel |
| 18:55 | Create | Mangonel |
| 19:02 | Build | House |
| 19:04 | Build | House |
| 19:17 | Create | Villager (Male) |
| 19:17 | Create | Villager (Male) |
| 19:44 | Create | Mangonel |
| 19:46 | Create | Villager (Male) |
| 19:46 | Create | Villager (Male) |
| 19:59 | Create | Villager (Male) |
| 19:59 | Create | Villager (Male) |
| 19:59 | Create | Villager (Male) |
| 20:17 | Create | Villager (Male) |
| 20:18 | Create | Villager (Male) |
| 20:20 | Create | Mangonel |
| 20:21 | Create | Mangonel |
| 20:36 | Build | House |
| 21:00 | Create | Composite Bowman |
| 21:07 | Research | Fletching |
| 21:07 | Research | Fletching |
| 21:21 | Create | Mangonel |
| 21:24 | Build | House |
| 22:03 | Create | Villager (Male) |
| 22:03 | Create | Villager (Male) |
Build order — 三少
95 actions detected in the replay
| 0:01 | Create | Villager (Male) |
| 0:01 | Create | Villager (Male) |
| 0:02 | Create | Villager (Male) |
| 0:02 | Create | Villager (Male) |
| 0:03 | Build | House |
| 0:05 | Build | House |
| 1:28 | Create | Villager (Male) |
| 1:29 | Create | Villager (Male) |
| 1:53 | Create | Villager (Male) |
| 1:54 | Create | Villager (Male) |
| 2:13 | Build | Lumber Camp |
| 2:21 | Create | Villager (Male) |
| 2:21 | Create | Villager (Male) |
| 2:23 | Create | Villager (Male) |
| 2:40 | Build | House |
| 2:41 | Build | House |
| 2:53 | Create | Villager (Male) |
| 3:31 | Create | Villager (Male) |
| 3:31 | Create | Villager (Male) |
| 3:53 | Create | Villager (Male) |
| 4:02 | Create | Villager (Male) |
| 4:46 | Create | Villager (Male) |
| 4:46 | Create | Villager (Male) |
| 5:02 | Create | Villager (Male) |
| 5:02 | Create | Villager (Male) |
| 5:07 | Build | Mill |
| 5:39 | Create | Villager (Male) |
| 5:58 | Create | Villager (Male) |
| 5:58 | Create | Villager (Male) |
| 6:19 | Create | Villager (Male) |
| 6:19 | Create | Villager (Male) |
| 6:23 | Build | Mill |
| 7:10 | Build | Mining Camp |
| 7:35 | Create | Villager (Male) |
| 7:35 | Create | Villager (Male) |
| 7:44 | Build | House |
| 8:36 | Create | Villager (Male) |
| 8:51 | Research | Feudal Age |
| 9:42 | Build | Farm |
| 9:48 | Build | Farm |
| 10:28 | Create | Villager (Male) |
| 10:29 | Create | Villager (Male) |
| 10:32 | Create | Villager (Male) |
| 10:43 | Build | Farm |
| 10:46 | Build | Farm |
| 11:11 | Build | House |
| 11:21 | Age | Feudal Age |
| 11:25 | Build | Market |
| 11:27 | Build | Blacksmith |
| 11:47 | Build | Farm |
| 11:57 | Build | Farm |
| 12:00 | Build | Farm |
| 12:22 | Create | Villager (Male) |
| 12:54 | Research | Castle Age |
| 13:18 | Research | Loom |
| 13:22 | Create | Villager (Male) |
| 14:37 | Build | House |
| 15:41 | Age | Castle Age |
| 15:44 | Build | University |
| 15:53 | Build | Monastery |
| 16:42 | Research | Imperial Age |
| 17:35 | Build | Siege Workshop |
| 18:02 | Research | Chemistry |
| 18:34 | Build | Farm |
| 18:43 | Build | Siege Workshop |
| 18:52 | Build | Siege Workshop |
| 19:13 | Research | Double-Bit Axe |
| 19:46 | Build | House |
| 19:52 | Age | Imperial Age |
| 19:54 | Create | Bombard Cannon |
| 20:03 | Create | Villager (Male) |
| 20:10 | Create | Villager (Male) |
| 20:10 | Create | Villager (Male) |
| 20:17 | Create | Bombard Cannon |
| 20:30 | Build | House |
| 20:36 | Build | Farm |
| 20:41 | Create | Villager (Male) |
| 21:18 | Build | House |
| 21:19 | Create | Bombard Cannon |
| 22:06 | Create | Bombard Cannon |
| 22:06 | Create | Bombard Cannon |
| 22:30 | Create | Bombard Cannon |
| 22:30 | Create | Bombard Cannon |
| 22:36 | Create | Villager (Male) |
| 22:37 | Create | Villager (Male) |
| 22:44 | Create | Villager (Male) |
| 22:44 | Create | Villager (Male) |
| 22:50 | Build | Farm |
| 22:59 | Build | House |
| 23:00 | Build | House |
| 23:18 | Create | Villager (Male) |
| 23:19 | Create | Villager (Male) |
| 23:26 | Build | Farm |
| 23:28 | Build | Farm |
| 23:32 | Build | Farm |
Match timeline
| 7:58 | cainiaoxm · wall_segment Palisade Wall x8 |
| 10:05 | 57168948 · age_up feudal |
| 10:14 | cainiaoxm · age_up feudal |
| 10:54 | CravenDylan · age_up feudal |
| 11:00 | i am > i was · age_up feudal |
| 11:19 | 57168948 · first_market_sell 100 stone |
| 11:21 | 三少 · age_up feudal |
| 11:25 | preCoss · age_up feudal |
| 11:37 | KOMMEPCAHT · age_up feudal |
| 12:11 | 野蛮农民 · age_up feudal |
| 12:12 | i am > i was · first_market_sell 100 wood |
| 12:29 | 三少 · first_market_sell 100 stone |
| 12:32 | 三少 · first_market_buy 100 food |
| 14:00 | 野蛮农民 · first_building Barracks |
| 15:07 | KOMMEPCAHT · age_up castle |
| 15:08 | 野蛮农民 · first_building Stable |
| 15:15 | CravenDylan · age_up castle |
| 15:15 | 57168948 · age_up castle |
| 15:18 | 57168948 · first_building Siege Workshop |
| 15:20 | i am > i was · age_up castle |
| 15:20 | preCoss · age_up castle |
| 15:32 | preCoss · first_building Castle |
| 15:41 | 三少 · age_up castle |
| 15:41 | 野蛮农民 · age_up castle |
| 15:53 | 三少 · first_building Monastery |
| 16:48 | preCoss · first_building Siege Workshop |
| 17:10 | cainiaoxm · age_up castle |
| 17:13 | 野蛮农民 · first_building Monastery |
| 17:19 | cainiaoxm · first_building Castle |
| 17:24 | i am > i was · first_building Monastery |
| 17:32 | cainiaoxm · first_building Siege Workshop |
| 17:35 | 三少 · first_building Siege Workshop |
| 18:38 | preCoss · first_market_sell 100 wood |
| 19:52 | 三少 · age_up imperial |
| 20:25 | CravenDylan · first_building Monastery |
| 20:26 | KOMMEPCAHT · first_building Siege Workshop |
| 22:22 | preCoss · resign |
[ AI ANALYSIS · 1 CREDIT ]
What really happened in this match?
Wolo.gg analyzes every decision: build order, eco, micro, common mistakes by bracket. Personalized analysis on WhatsApp or Discord in 30 seconds.
Civ guide
Burgundians
Perfil
Jugador #10166580